 Dungeon Crawl Stone Soup version 0.26.0-18-gc5c842f807 (webtiles) character file.

Game seed: 8237742012345413573

26 kaeus the Firebug (level 3, 0/19 HPs)
             Began as a Gargoyle Fire Elementalist on Jan 23, 2021.
             Slain by a giant cockroach (2 damage)
             ... on level 1 of the Dungeon.
             The game lasted 00:01:24 (1061 turns).

kaeus the Firebug (Gargoyle Fire Elementalist)      Turns: 1061, Time: 00:01:25

Health: 0/19       AC:  5    Str: 11    XL:     3   Next: 8%
Magic:  5/6        EV: 12    Int: 16    God:
Gold:   78         SH:  0    Dex: 10    Spells: 5/6 levels left

rFire    . . .     SeeInvis .   d - +0 short sword
rCold    . . .     Faith    .   (no shield)
rNeg     + . .     Spirit   .   a - +0 robe
rPois    ∞         Reflect  .   (no helmet)
rElec    +         Harm     .   (no cloak)
rCorr    .         Rampage  .   (no gloves)
Will     .....                  (no boots)
Stlth    ++........             (no amulet)
HPRegen  0.06/turn              (no ring)
MPRegen  0.10/turn              (no ring)

@: brilliant, berserk cooldown, slowed, very slow
A: negative energy resistance 1, electricity resistance, unbreathing,
petrification resistance, miasma immunity, AC +3
a: no special abilities


You were on level 1 of the Dungeon.
You visited 1 branch of the dungeon, and saw 1 of its levels.

You collected 78 gold pieces.

Inventory:

Hand Weapons
 d - a +0 short sword (weapon)
Armour
 a - a +0 robe (worn)
Scrolls
 b - a scroll of identify {unknown}
 f - a scroll of enchant armour {unknown}


   Skills:
 - Level 1.5 Dodging
 - Level 2.1 Stealth
 + Level 2.2 Spellcasting
 * Level 2.1 Conjurations
 * Level 3.5 Fire Magic


You had 5 spell levels left.
You knew the following spells:

 Your Spells              Type           Power        Failure   Level
a - Foxfire               Conj/Fire      64%          6%          1

Your spell library contained the following spells:

 Spells                   Type           Power        Failure   Level
 Conjure Flame            Conj/Fire      16%          19%         3
 Inner Flame              Hex/Fire       11%          30%         3
 Sticky Flame             Conj/Fire      16%          54%         4
 Fireball                 Conj/Fire      8%           87%         5


Dungeon Overview and Level Annotations

Branches:
Dungeon (1/15)

Altars:


Innate Abilities, Weirdness & Mutations

You are resistant to torment.
Your stone body is resilient. (AC +3)
You are immune to poison.
You resist negative energy. (rN+)
You are resistant to electric shocks. (rElec)
You can survive without breathing.
You are immune to petrification.
You are immune to miasma.


Message History

You feel a strong urge to attack something.
You feel your anger nearly subside.
There is a fountain of clear blue water here.
The door flies open with a bang!
You are no longer berserk.
You are exhausted.
You feel yourself slow down.
You now have 1/19 hp.
The rat barely misses you.
There is an open door here.
The rat barely misses you.
It was a potion of brilliance.
You feel clever all of a sudden. The rat closely misses you.
The rat closely misses you. The rat bites you but does no damage.
The rat bites you but does no damage.
There is a stone staircase leading down here.
The giant cockroach bites you.
You die...

#.....## #.# ## #......# #.# .#
##.....## #.# .# #......# #.# .#
#......# #.# .# #......## #.# .#
#....#..# #.# .#
######B.#######.# ##
#.hr@......#.#
#############B########.#.#
.....^..h..h..# #.#.#
'#######B###..# #.#.#
⌠...>..B⌠..#..# #.#.########
....<......#..# #.#.##.....#
...###....⌠+..# #.#.##.###.#
.....B.....#.## #.#....# #.#
####h#######.#########.########.#


You could see a jackal, 2 giant cockroaches and a rat.

Vanquished Creatures
  An ooze (D:1)
  A ball python (D:1)
  A bat (D:1)
  3 giant cockroaches (D:1)
  A goblin (D:1)
  2 hobgoblins (D:1)
  2 jackals (D:1)
  4 kobolds (D:1)
  2 frilled lizards (D:1)
  3 rats (D:1)
20 creatures vanquished.

Vanquished Creatures (others)
  56 foxfires (D:1)
56 creatures vanquished.

Grand Total: 76 creatures vanquished

Notes
Turn   | Place    | Note
-------+----------+-------------------------------------------
     0 | D:1      | kaeus the Gargoyle Fire Elementalist began the quest for
                  | the Orb.
     0 | D:1      | Reached XP level 1. HP: 10/10 MP: 3/3
     1 | D:1      | Found a runed translucent door.
   315 | D:1      | Reached XP level 2. HP: 15/15 MP: 1/5
  1024 | D:1      | Reached XP level 3. HP: 19/19 MP: 2/6
  1061 | D:1      | Slain by a giant cockroach

Illustrated notes

Levels and vault maps discovered:
D:1:      dpeg_arrival_caged_fury, layout_basic

Skill      XL: |  1  2 |
---------------+-------+-----
Conjurations   | 2 |  2.1
Dodging        | |  1.5
Stealth        | |  2.1
Spellcasting   | |  2.2
Fire Magic     | |  3.5

Action                   || total
-------------------------++-------
Melee: Short sword       ||    45
       Unarmed           ||    10
 Cast: Foxfire           ||    34
  Use: Potion            ||     2
Armor: Robe              ||    29
Dodge: Dodged            ||    64
